[Event "ICC tourney 1942 (7 2)"]
[Site "Internet Chess Club"]
[Date "2020.07.31"]
[Round "3"]
[White "JadeTooth"]
[Black "FozzieB"]
[Result "1-0"]
[ICCResult "Black checkmated"]
[WhiteElo "715"]
[BlackElo "1027"]
[Opening "Ruy Lopez: exchange variation, 5.O-O"]
[ECO "C68"]
[NIC "RL.08"]
[Time "20:14:17"]
[TimeControl "420+2"]

1. e4 e5 2. Nf3 Nc6 3. Bb5 a6 4. Bxc6 dxc6 5. O-O Bd6 6. d4 Bg4 7. dxe5 Bxf3
8. Qxf3 Bxe5 9. Nc3 Nf6 10. Bf4 Qe7 11. Qe3 O-O 12. Bxe5 Qxe5 13. f4 Qh5 14.
e5 Ng4 15. Qg3 Rad8 16. h3 Nh6 17. Ne4 Nf5 18. Nf6+ Kh8 19. Nxh5 Nxg3 20.
Nxg3 Rd2 21. Rf2 Rfd8 22. Ne4 R2d4 23. Re1 b5 24. Rfe2 a5 25. Nc5 Rxf4 26.
e6 f6 27. e7 Re8 28. Ne6 Rf5 29. Nxc7 Rxe7 30. Rxe7 h6 31. Ne8 Kg8 32. Rxg7+
Kf8 33. Ree7 Re5 34. Rgf7+ Kg8 35. Nxf6+ Kh8 36. Rh7# {Black checkmated} 1-0

[Event "ICC tourney 1942 (7 2)"]
[Site "Internet Chess Club"]
[Date "2020.07.31"]
[Round "3"]
[White "bkim3164"]
[Black "Reyvaj0075"]
[Result "1-0"]
[ICCResult "Black checkmated"]
[WhiteElo "1588"]
[BlackElo "1464"]
[Opening "Robatsch (modern) defense"]
[ECO "B06"]
[NIC "KF.05"]
[Time "20:14:04"]
[TimeControl "420+2"]

1. e4 g6 2. d4 Bg7 3. Be3 e6 4. Qd2 Ne7 5. h4 b6 6. f3 Bb7 7. h5 d5 8. e5
Nbc6 9. c3 Nf5 10. Bg5 Qd7 11. g4 Ng3 12. Rh2 Nxf1 13. Kxf1 Ne7 14. a4 O-O-O
15. a5 Kb8 16. axb6 cxb6 17. Kf2 h6 18. Be3 g5 19. Qc2 f5 20. exf6 Bxf6 21.
Kg2 e5 22. Kh1 e4 23. Rg2 exf3 24. Nxf3 Rhf8 25. Nbd2 Rf7 26. Bf2 Rdf8 27.
Bg3+ Ka8 28. Be5 Nc6 29. Qa4 Na5 30. Qxd7 Rxd7 31. Bxf6 Rxf6 32. Ne5 Re7 33.
Kg1 Nc6 34. Ndf3 Nxe5 35. Nxe5 a5 36. Rf1 Rxf1+ 37. Kxf1 Ba6+ 38. Ke1 Re6
39. Rf2 Bd3 40. Kd2 Be4 41. Rf7 b5 42. Rc7 Rf6 43. Nc6 Rxc6 44. Rxc6 Kb7 45.
Rxh6 b4 46. Rf6 b3 47. h6 a4 48. Rf7+ Kb6 49. h7 a3 50. h8=Q axb2 51. Qf6+
Kb5 52. Rb7+ Ka4 53. Qa6# {Black checkmated} 1-0

[Event "ICC tourney 1942 (7 2)"]
[Site "Internet Chess Club"]
[Date "2020.07.31"]
[Round "3"]
[White "gaugerox"]
[Black "QueenHM"]
[Result "0-1"]
[ICCResult "White forfeits on time"]
[WhiteElo "1205"]
[BlackElo "1373"]
[Opening "King's Indian: Petrosian system"]
[ECO "E92"]
[NIC "KI.17"]
[Time "20:14:00"]
[TimeControl "420+2"]

1. d4 Nf6 2. c4 g6 3. Nc3 Bg7 4. e4 d6 5. Nf3 O-O 6. Be2 e5 7. d5 Ne8 8. O-O
f5 9. Bd3 f4 10. Ne1 g5 11. f3 Nf6 12. Rb1 Nbd7 13. b4 Nh5 14. Be2 Ndf6 15.
a4 h6 16. Ba3 Kh7 17. c5 Ng8 18. b5 Nhf6 19. g3 h5 20. Rf2 Nh6 21. cxd6 cxd6
22. Bb4 fxg3 23. hxg3 g4 24. Nd3 gxf3 25. Bxf3 Nfg4 26. Bxg4 Nxg4 27. Rxf8
Qxf8 28. Qf1 Ne3 29. Qxf8 Bxf8 30. Kf2 Nc4 31. Ke2 Bg4+ 32. Ke1 Rd8 33. Ra1
Bh6 34. Ra2 a5 35. Ba3 Nxa3 36. Rxa3 Be3 37. Nd1 Bd4 38. N1f2 Bd7 39. Nc1
Rf8 40. Ra2 Kh6 41. Nb3 Bc3+ 42. Kd1 Rf3 43. Re2 Rxg3 44. Kc2 Bb4 45. Nd3
Ba3 46. Nxa5 b6 47. Nb7 h4 48. Nd8 h3 49. Nf7+ Kh5 {White forfeits on time}
0-1

[Event "ICC tourney 1942 (7 2)"]
[Site "Internet Chess Club"]
[Date "2020.07.31"]
[Round "3"]
[White "CobaltGame"]
[Black "Egkninja"]
[Result "1-0"]
[ICCResult "Black checkmated"]
[WhiteElo "1243"]
[BlackElo "1184"]
[Opening "Queen's gambit declined"]
[ECO "D30"]
[NIC "QP.08"]
[Time "20:13:59"]
[TimeControl "420+2"]

1. d4 d5 2. c4 e6 3. Nf3 Nf6 4. Bf4 Nc6 5. e3 Bd6 6. Bxd6 Qxd6 7. c5 Qd8 8.
Nc3 O-O 9. Bd3 Re8 10. O-O e5 11. Bb5 e4 12. Ne5 Bd7 13. Nxd7 Qxd7 14. Qa4
a6 15. Bxc6 Qxc6 16. Qxc6 bxc6 17. Rae1 Rab8 18. b3 Kf8 19. f3 exf3 20. Rxf3
Re7 21. Kf2 Rbe8 22. b4 Ng4+ 23. Kg1 Rxe3 24. Rfxe3 Rxe3 25. Rxe3 Nxe3 26.
a4 Nc2 27. b5 axb5 28. axb5 cxb5 29. Nxd5 c6 30. Nb4 Nxd4 31. Kf2 Ke7 32.
Ke3 Nf5+ 33. Ke4 g6 34. Nxc6+ Kd7 35. Ne5+ Ke6 36. g4 Ne7 37. Kd4 f5 38. g5
b4 39. Nd3 Nc6+ 40. Kc4 Kd7 41. Nxb4 Nxb4 42. Kxb4 f4 43. Kc4 Kc6 44. Kd4 f3
45. Ke3 Kxc5 46. Kxf3 Kd5 47. Kf4 Kd4 48. h4 Kd5 49. Kg4 Ke5 50. h5 Ke6 51.
hxg6 hxg6 52. Kf4 Kf7 53. Ke5 Kg7 54. Ke6 Kh7 55. Kf7 Kh8 56. Kxg6 Kg8 57.
Kh6 Kh8 58. g6 Kg8 59. g7 Kf7 60. Kh7 Kf6 61. g8=Q Kf5 62. Qg6+ Kf4 63. Kh6
Ke5 64. Qf7 Kd6 65. Qe8 Kd5 66. Qe7 Kd4 67. Qe6 Kd3 68. Qe5 Kc4 69. Qd6 Kc3
70. Qd5 Kc2 71. Qd4 Kb3 72. Qc5 Ka4 73. Qb6 Ka3 74. Qb5 Ka2 75. Qb4 Ka1 76.
Kg5 Ka2 77. Kf4 Ka1 78. Ke3 Ka2 79. Kd3 Ka1 80. Kc2 Ka2 81. Qb2#
{Black checkmated}
1-0

[Event "ICC tourney 1942 (7 2)"]
[Site "Internet Chess Club"]
[Date "2020.07.31"]
[Round "3"]
[White "AJRChess2011"]
[Black "Schmall"]
[Result "0-1"]
[ICCResult "White checkmated"]
[WhiteElo "1492"]
[BlackElo "1595"]
[Opening "Sicilian: Najdorf, Adams attack"]
[ECO "B90"]
[NIC "SI.14"]
[Time "20:14:52"]
[TimeControl "420+2"]

1. e4 c5 2. Nf3 d6 3. d4 cxd4 4. Nxd4 Nf6 5. Nc3 a6 6. h3 g6 7. g4 Bg7 8.
Bg2 e5 9. Nf3 Be6 10. O-O O-O 11. Nh2 Nc6 12. f4 exf4 13. Bxf4 Qb6+ 14. Kh1
Qxb2 15. Ne2 Rfd8 16. Ng3 d5 17. e5 Ne4 18. Nf3 Nc3 19. Qe1 d4 20. Bd2 Bc4
21. Nxd4 Nxd4 22. Bxc3 Qxc2 23. Rc1 Qxa2 24. Rf2 Qb3 25. Ne4 Bxe5 26. Rb2
Qa4 27. Rb4 Qc6 28. Bxd4 Rxd4 29. Nd2 Qe6 30. Rcxc4 Rxc4 31. Rxc4 Rd8 32.
Rc5 Bf4 33. Qxe6 fxe6 34. Nf1 b5 35. Rc6 Rb8 36. Rxe6 b4 37. Bd5 b3 38. Rf6+
Kg7 39. Rxf4 b2 40. Be4 b1=Q 41. Bxb1 Rxb1 42. Kg2 Rb2+ 43. Rf2 Rxf2+ 44.
Kxf2 Kf6 45. Ne3 Kg5 46. Kf3 h5 47. Kg3 hxg4 48. hxg4 a5 49. Nc4 a4 50. Nb2
a3 51. Nd3 a2 52. Nc1 a1=Q 53. Nb3 Qc3+ 54. Kg2 Qxb3 55. Kf2 Kf4 56. Kg2
Qg3+ 57. Kf1 Qh2 58. Ke1 Ke3 59. Kd1 Qd2# {White checkmated} 0-1

[Event "ICC tourney 1942 (7 2)"]
[Site "Internet Chess Club"]
[Date "2020.07.31"]
[Round "4"]
[White "SGOLD9367"]
[Black "SkywalkerRisen"]
[Result "1-0"]
[ICCResult "Black checkmated"]
[WhiteElo "1508"]
[BlackElo "1339"]
[Opening "Sicilian"]
[ECO "B50"]
[NIC "SI.01"]
[Time "20:38:34"]
[TimeControl "420+2"]

1. e4 c5 2. Nf3 d6 3. Nc3 Nc6 4. Be2 e5 5. d3 Nf6 6. h3 Be7 7. O-O Be6 8. a3
Qd7 9. Kh2 a6 10. Ng5 h6 11. Nxe6 Qxe6 12. f4 O-O 13. f5 Qd7 14. Rf3 Kh7 15.
Rg3 Nd4 16. Be3 Nxe2 17. Qxe2 Ng8 18. Qg4 Nf6 19. Qxg7# {Black checkmated}
1-0

[Event "ICC tourney 1942 (7 2)"]
[Site "Internet Chess Club"]
[Date "2020.07.31"]
[Round "4"]
[White "FozzieB"]
[Black "eternaldhatu"]
[Result "1-0"]
[ICCResult "Black resigns"]
[WhiteElo "1071"]
[BlackElo "977"]
[Opening "Sicilian"]
[ECO "B50"]
[NIC "SI.01"]
[Time "20:39:26"]
[TimeControl "420+2"]

1. e4 c5 2. Nf3 d6 3. Be2 Nf6 4. d3 Nc6 5. O-O g6 6. b3 Bg7 7. Ba3 O-O 8.
Nbd2 Bg4 9. h3 Bxf3 10. Nxf3 d5 11. exd5 Nxd5 12. Rc1 Nc3 13. Qd2 Qc7 14.
Bb2 Nxa2 15. Bxg7 Kxg7 16. Ra1 Nab4 17. c3 Nd5 18. Nh2 b5 19. Ng4 Nf4 20.
Bf3 Nd8 21. d4 Rc8 22. dxc5 Qxc5 23. Qxf4 Qxc3 24. Rac1 Qxc1 25. Rxc1 Rxc1+
26. Qxc1 Ne6 27. Bd5 Nf4 28. Qxf4 {Black resigns} 1-0

[Event "ICC tourney 1942 (7 2)"]
[Site "Internet Chess Club"]
[Date "2020.07.31"]
[Round "4"]
[White "Jeffchess"]
[Black "ab4gm"]
[Result "0-1"]
[ICCResult "White checkmated"]
[WhiteElo "1306"]
[BlackElo "1393"]
[Opening "Réti opening"]
[ECO "A05"]
[NIC "QP.11"]
[Time "20:38:58"]
[TimeControl "420+2"]

1. Nf3 Nf6 2. e3 d5 3. Bd3 Nc6 4. Nc3 e5 5. Ne2 e4 6. Bb5 exf3 7. Bxc6+ bxc6
8. gxf3 Bd6 9. Ng3 Bxg3 10. fxg3 O-O 11. O-O d4 12. e4 Bh3 13. Rf2 Be6 14.
d3 Re8 15. Bg5 h6 16. Bxf6 Qxf6 17. f4 Qd8 18. Qf3 Rb8 19. b3 Qd7 20. Raf1
Bg4 21. Qg2 Bh3 22. Qf3 Bxf1 23. Kxf1 Qh3+ 24. Kg1 Qe6 25. f5 Qe5 26. Qf4
Qxf4 27. Rxf4 g5 28. Rf2 Rb5 29. a4 Rbb8 30. Kg2 Re5 31. Kh3 Rc5 32. Kg4 a5
33. Kh5 Kg7 34. g4 f6 35. h4 gxh4 36. Kxh4 Re5 37. Kg3 c5 38. Kf4 Ree8 39.
Re2 Rh8 40. e5 fxe5+ 41. Rxe5 Rb7 42. Rxc5 h5 43. g5 h4 44. Re5 h3 45. Re1
h2 46. Rh1 Rb6 47. f6+ Kg6 48. Ke5 Rc6 49. Kxd4 Rxc2 50. Ke3 Rg2 51. f7 Kxf7
52. Kd4 Rg1 53. Rxh2 Rxh2 54. Kc5 Rxg5+ 55. Kc6 Rb2 56. Kxc7 Rxb3 57. d4 Rb4
58. Kc6 Rxa4 59. d5 Rc4+ 60. Kb5 Rd4 61. Kxa5 Rdxd5+ 62. Kb4 Rg4+ 63. Kc3
Rh5 64. Kd3 Rh3+ 65. Ke2 Rg2+ 66. Kf1 Ra2 67. Kg1 Rb3 68. Kf1 Rb1#
{White checkmated}
0-1

[Event "ICC tourney 1942 (7 2)"]
[Site "Internet Chess Club"]
[Date "2020.07.31"]
[Round "4"]
[White "Cooliguess"]
[Black "Outschoorn"]
[Result "1-0"]
[ICCResult "Black checkmated"]
[WhiteElo "1409"]
[BlackElo "1103"]
[Opening "Queen's gambit accepted"]
[ECO "D20"]
[NIC "QG.03"]
[Time "20:39:02"]
[TimeControl "420+2"]

1. d4 d5 2. c4 dxc4 3. e3 Be6 4. Nc3 c6 5. Nf3 g6 6. Ng5 Bg7 7. Nxe6 fxe6 8.
Bxc4 Qd7 9. Qb3 e5 10. Bxg8 exd4 11. exd4 Bxd4 12. O-O Na6 13. Bf4 O-O-O 14.
Be6 Nc5 15. Bxd7+ Rxd7 16. Qc2 e5 17. Bg3 Rf7 18. Rad1 Rd8 19. Ne4 Nxe4 20.
Qxe4 Bxb2 21. Rxd8+ Kxd8 22. Rd1+ Kc8 23. Bxe5 Bxe5 24. Qxe5 b5 25. Qe6+ Rd7
26. Qxd7+ Kb8 27. Re1 a5 28. Re8# {Black checkmated} 1-0

[Event "ICC tourney 1942 (7 2)"]
[Site "Internet Chess Club"]
[Date "2020.07.31"]
[Round "4"]
[White "johnnydo928"]
[Black "Oliver0731"]
[Result "1-0"]
[ICCResult "Black checkmated"]
[WhiteElo "1353"]
[BlackElo "1277"]
[Opening "Danish gambit"]
[ECO "C21"]
[NIC "KP.04"]
[Time "20:38:42"]
[TimeControl "420+2"]

1. e4 e5 2. d4 exd4 3. c3 dxc3 4. Bc4 Nc6 5. Nf3 a6 6. O-O b5 7. Bd5 Bb7 8.
Nxc3 b4 9. Ne2 Nf6 10. Ng3 Nxd5 11. exd5 Ne7 12. Re1 d6 13. Qa4+ Qd7 14.
Qxb4 O-O-O 15. Rd1 Nxd5 16. Qb3 Nb6 17. Be3 Bxf3 18. gxf3 Kb7 19. Rac1 Rb8
20. Bxb6 cxb6 21. Qd5+ Ka7 22. Ne4 Rd8 23. Ng5 Rg8 24. Nxf7 Re8 25. Ng5 Be7
26. Nxh7 Qh3 27. Rc7+ Kb8 28. Qb7# {Black checkmated} 1-0

[Event "ICC tourney 1942 (7 2)"]
[Site "Internet Chess Club"]
[Date "2020.07.31"]
[Round "4"]
[White "Reyvaj0075"]
[Black "knighthawkmill"]
[Result "0-1"]
[ICCResult "White checkmated"]
[WhiteElo "1447"]
[BlackElo "1469"]
[Opening "Queen's pawn game"]
[ECO "A46"]
[NIC "QP.06"]
[Time "20:38:32"]
[TimeControl "420+2"]

1. Nf3 Nf6 2. d4 d6 3. h3 g6 4. Bf4 Bg7 5. e3 O-O 6. Be2 b6 7. O-O Bb7 8. c4
c5 9. Nc3 a6 10. d5 Nbd7 11. Rb1 Nh5 12. Bh2 Ne5 13. Nxe5 dxe5 14. Bxh5 gxh5
15. Qxh5 Qd6 16. Ne4 Qg6 17. Qxg6 hxg6 18. f4 exf4 19. exf4 Bc8 20. g4 Bd7
21. f5 Bd4+ 22. Kg2 gxf5 23. gxf5 Kh8 24. b4 Rg8+ 25. Bg3 cxb4 26. Rxb4 Rg7
27. c5 bxc5 28. Nxc5 Bxc5 29. Rh4+ Kg8 30. f6 exf6 31. Kh2 Re8 32. Rhf4 Re2+
33. Bf2 Bd6 34. Kh1 Bxf4 35. Bd4 Rh2# {White checkmated} 0-1

[Event "ICC tourney 1942 (7 2)"]
[Site "Internet Chess Club"]
[Date "2020.07.31"]
[Round "4"]
[White "Luc2008"]
[Black "yogokings12"]
[Result "0-1"]
[ICCResult "White resigns"]
[WhiteElo "1344"]
[BlackElo "1491"]
[Opening "Réti opening"]
[ECO "A05"]
[NIC "QP.11"]
[Time "20:38:37"]
[TimeControl "420+2"]

1. Nf3 Nf6 2. b3 g6 3. Bb2 Bg7 4. e3 O-O 5. Be2 d5 6. O-O c5 7. c4 Nc6 8.
cxd5 Nxd5 9. Bxg7 Kxg7 10. Nc3 Nxc3 11. dxc3 Bf5 12. Qxd8 Rfxd8 13. Rad1 Kf6
14. Bb5 Ne5 15. Nxe5 Kxe5 16. Rfe1 a6 17. Be2 Be4 18. Bf3 Bxf3 19. gxf3 Kf6
20. Kf1 e5 21. Ke2 Ke7 22. Rxd8 Rxd8 23. Rg1 Ke6 24. h4 h5 25. Rg2 b5 26.
Rg1 Rd7 27. a3 a5 28. e4 b4 29. cxb4 cxb4 30. axb4 axb4 31. Ra1 Rb7 32. Ra6+
Ke7 33. Ke3 Rc7 34. Kd3 Rc3+ 35. Ke2 Rxb3 36. Ra7+ Kf8 37. Ra8+ Kg7 38. Ra7
Rb1 39. Rb7 b3 40. Rb8 b2 41. Rb7 Kf6 42. Rb6+ Ke7 43. Rb7+ Kd6 44. Rb6+ Kc5
45. Rb8 Kc4 46. Rc8+ Kb3 47. Rb8+ Ka4 48. Ra8+ Kb5 49. Rb8+ Kc6 50. Rb3 Rh1
51. Rxb2 Rxh4 52. Ra2 Rf4 53. Ra6+ Kd7 54. Ra7+ Ke8 55. Ra8+ Ke7 56. Ra7+
Kf6 57. Ra1 Kg5 58. Rg1+ Kh6 59. Ra1 h4 60. Ra8 Kg7 61. Ra1 h3 62. Rh1 Rh4
63. Rh2 Kf6 64. Ke3 Kg5 65. Rh1 h2 66. f4+ Kg4 67. fxe5 Kh3 68. f4 Kg2 69.
Rxh2+ Kxh2 70. f5 gxf5 71. exf5 Kg3 72. e6 fxe6 73. fxe6 Rh6 74. e7 Re6+
{White resigns}
0-1

[Event "ICC tourney 1942 (7 2)"]
[Site "Internet Chess Club"]
[Date "2020.07.31"]
[Round "4"]
[White "QueenHM"]
[Black "Benranger2011"]
[Result "0-1"]
[ICCResult "White checkmated"]
[WhiteElo "1325"]
[BlackElo "1488"]
[Opening "King's pawn game"]
[ECO "C21"]
[NIC "KP.10"]
[Time "20:38:34"]
[TimeControl "420+2"]

1. e4 e5 2. d4 d6 3. Bc4 f5 4. dxe5 dxe5 5. Qxd8+ Kxd8 6. exf5 Bxf5 7. c3
Nf6 8. Nd2 Bc5 9. Ngf3 Nc6 10. O-O Ke7 11. Nb3 Bb6 12. Bg5 h6 13. Bh4 Rhf8
14. Rfe1 e4 15. Nfd4 Nxd4 16. Nxd4 Bxd4 17. cxd4 Kd6 18. Bg3+ Kc6 19. Rac1
Kb6 20. Bb3 c6 21. Rc5 Bg6 22. a4 a5 23. Rec1 Rfd8 24. Be5 Rd7 25. Bc4 Nd5
26. Kf1 e3 27. fxe3 Nxe3+ 28. Ke2 Nxc4 29. R1xc4 Re8 30. Kf3 Bf7 31. Rc1
Bd5+ 32. Kg3 Re6 33. Kf4 Rf7+ 34. Kg3 Rg6+ 35. Kh3 Bxg2+ 36. Kh4 Rf3 37. Bg3
Rb3 38. R1c2 Be4 39. Rd2 Rf6 40. Be5 g5+ 41. Kg4 Bf5+ 42. Kh5 Rh3#
{White checkmated}
0-1

[Event "ICC tourney 1942 (7 2)"]
[Site "Internet Chess Club"]
[Date "2020.07.31"]
[Round "4"]
[White "DrKnight01"]
[Black "JadeTooth"]
[Result "1-0"]
[ICCResult "Black forfeits on time"]
[WhiteElo "1254"]
[BlackElo "714"]
[Opening "Giuoco Pianissimo: Canal variation"]
[ECO "C50"]
[NIC "IG.02"]
[Time "20:39:26"]
[TimeControl "420+2"]

1. e4 e5 2. Nf3 Nc6 3. Bc4 Bc5 4. Nc3 Nf6 5. d3 d6 6. Bg5 h6 7. Bh4 Bg4 8.
h3 Bh5 9. g4 Bg6 10. Qd2 Qe7 11. Bd5 Nd4 12. Nxd4 exd4 13. Ne2 c6 14. Bb3 a5
15. g5 Bb4 16. c3 dxc3 17. Nxc3 hxg5 18. Bxg5 d5 19. O-O-O a4 20. Bxf6 Qxf6
21. e5 Bxc3 22. Qxc3 Qe6 23. Bc2 b5 24. f4 Kd7 25. f5 Bxf5 26. d4 Bxc2 27.
Qxc2 Rxh3 28. Rxh3 Qxh3 29. Kb1 g6 30. Rc1 Rc8 31. Qc5 Qf5+ 32. Ka1 Qe6 33.
Qa7+ Rc7 34. Qb6 g5 35. Rh1 g4 36. Rh8 Qf5 37. a3 Qf1+ 38. Ka2 Qc4+ 39. Ka1
g3 40. Qb8 Qc1+ 41. Ka2 Qc4+ 42. Ka1 Qf1+ 43. Ka2 Qc4+ 44. Ka1 Qf1+ 45. Ka2
Qc4+ 46. Ka1 Qf1+ 47. Ka2 Qc4+ 48. Ka1 Qf1+ 49. Ka2 Qc4+ 50. Ka1 Qf1+ 51.
Ka2 Qc4+ 52. Ka1 Qf1+ 53. Ka2 Qc4+ 54. Ka1 Qf1+ 55. Ka2 Qc4+ 56. Ka1 Qf1+
57. Ka2 Qc4+ 58. Ka1 Qf1+ 59. Ka2 Qc4+ 60. Ka1 Qf1+ 61. Ka2 Qc4+ 62. Ka1
Qf1+ 63. Ka2 Qc4+ 64. Ka1 Qf1+ 65. Ka2 Qc4+ 66. Ka1 Qf1+ 67. Ka2 Qc4+ 68.
Ka1 Qf1+ 69. Ka2 Ke6 70. Qxc7 g2 71. Re8+ {Black forfeits on time} 1-0

[Event "ICC tourney 1942 (7 2)"]
[Site "Internet Chess Club"]
[Date "2020.07.31"]
[Round "4"]
[White "Schmall"]
[Black "bkim3164"]
[Result "0-1"]
[ICCResult "White resigns"]
[WhiteElo "1566"]
[BlackElo "1636"]
[Opening "Modern defense"]
[ECO "A40"]
[NIC "QO.17"]
[Time "20:38:37"]
[TimeControl "420+2"]

1. d4 g6 2. c4 Bg7 3. Nf3 d6 4. Bg5 h6 5. Bf4 e6 6. e3 Ne7 7. Bd3 Nd7 8. Nc3
a6 9. Qc2 b6 10. O-O Bb7 11. Be4 Bxe4 12. Nxe4 O-O 13. Rad1 Qc8 14. Qe2 Qb7
15. Nc3 Rad8 16. e4 e5 17. dxe5 dxe5 18. Be3 Nf6 19. Nxe5 Nxe4 20. Nxe4 Qxe4
21. Nf3 Nf5 22. Rfe1 Rfe8 23. Rxd8 Rxd8 24. b3 Nxe3 25. fxe3 a5 26. Kf2 Bc3
27. Rd1 Qe7 28. Rxd8+ Qxd8 29. Qc2 Bg7 30. Qd2 Qxd2+ 31. Nxd2 Kf8 32. g4 Ke7
33. Kf3 Ke6 34. e4 g5 35. Ke3 Be5 36. h3 Bf4+ 37. Kd3 Bxd2 38. Kxd2 Ke5 39.
Ke3 f6 40. a3 c5 41. a4 Ke6 42. Kd3 Kd6 43. Ke3 Ke5 44. Kd3 Kf4 45. Kc3 Kg3
46. Kd3 Kxh3 47. Ke3 Kxg4 {White resigns} 0-1

[Event "ICC tourney 1942 (7 2)"]
[Site "Internet Chess Club"]
[Date "2020.07.31"]
[Round "4"]
[White "IGMin2023"]
[Black "SanthoshA"]
[Result "1-0"]
[ICCResult "Black checkmated"]
[WhiteElo "1252"]
[BlackElo "1288"]
[Opening "English: Neo-Catalan"]
[ECO "A13"]
[NIC "RE.11"]
[Time "20:38:39"]
[TimeControl "420+2"]

1. Nf3 d5 2. c4 e6 3. g3 Nf6 4. Bg2 Bc5 5. O-O O-O 6. b3 Nc6 7. Bb2 dxc4 8.
bxc4 Bd7 9. d4 Be7 10. d5 exd5 11. cxd5 Nb8 12. Qd3 Na6 13. Ng5 Nc5 14. Qc2
g6 15. Nf3 Nxd5 16. Ne5 Nf6 17. Nxd7 Ncxd7 18. Na3 c6 19. Rad1 Qc8 20. Bh3
Rd8 21. Qd2 Qc7 22. Nc2 Nb6 23. Qe3 Nc4 24. Qc3 Nxb2 25. Qxb2 Rxd1 26. Rxd1
Rd8 27. Rxd8+ Bxd8 28. Ne3 Qb6 29. Qd2 Bc7 30. Qc3 Ne4 31. Qd3 Nc5 32. Qd2
Qa6 33. Ng4 Ba5 34. Nf6+ Kg7 35. Qd4 Ne6 36. Bxe6 fxe6 37. Nh5+ Kh6 38. Nf6
Qxe2 39. Ng8+ Kh5 40. Qh4# {Black checkmated} 1-0

[Event "ICC tourney 1942 (7 2)"]
[Site "Internet Chess Club"]
[Date "2020.07.31"]
[Round "4"]
[White "DrPatzenGambino"]
[Black "CobaltGame"]
[Result "1-0"]
[ICCResult "Black forfeits on time"]
[WhiteElo "1380"]
[BlackElo "1221"]
[Opening "Vienna gambit"]
[ECO "C29"]
[NIC "VG.04"]
[Time "20:38:35"]
[TimeControl "420+2"]

1. e4 e5 2. Nc3 Nf6 3. f4 d6 4. Bc4 Nc6 5. d3 Be6 6. Bxe6 fxe6 7. Nf3 Qd7 8.
Qe2 O-O-O 9. Be3 Kb8 10. O-O exf4 11. Bxf4 e5 12. Be3 Be7 13. h3 Nh5 14. Qd2
Ng3 15. Rfb1 Rhf8 16. Nh2 h6 17. Nb5 g5 18. a4 Rg8 19. Qf2 Nh5 20. Bxa7+ Kc8
21. a5 Rdf8 22. Qd2 Nxa7 23. Nxa7+ Kb8 24. Qe3 c5 25. b4 Kxa7 26. bxc5 dxc5
27. a6 b6 28. Ng4 Qe6 29. c3 Nf6 30. Nxh6 Rh8 31. Nf5 g4 32. d4 exd4 33.
cxd4 Qxe4 34. Qb3 Bd8 35. Rf1 {Black forfeits on time} 1-0

[Event "ICC tourney 1942 (7 2)"]
[Site "Internet Chess Club"]
[Date "2020.07.31"]
[Round "4"]
[White "NicoSc"]
[Black "AJRChess2011"]
[Result "0-1"]
[ICCResult "White resigns"]
[WhiteElo "1373"]
[BlackElo "1526"]
[Opening "King's Indian: 6.Be2"]
[ECO "E91"]
[NIC "KI.19"]
[Time "20:39:26"]
[TimeControl "420+2"]

1. d4 Nf6 2. c4 g6 3. Nc3 Bg7 4. e4 d6 5. Nf3 O-O 6. Be2 Nbd7 7. O-O c5 8.
d5 b6 9. Ne1 Bb7 10. f4 Qc7 11. Nf3 e6 12. Qc2 exd5 13. cxd5 Rfe8 14. b3
Nxe4 15. Bb2 Nxc3 16. Bxc3 Bxc3 17. Qxc3 Rxe2 18. Qd3 Ree8 19. f5 Kg7 20.
fxg6 hxg6 21. Ng5 Ne5 22. Qc3 Bxd5 23. Rad1 Be6 24. Rde1 Kg8 25. Qg3 Bg4 26.
Rxe5 dxe5 27. Qxg4 Kf8 28. Qh4 f5 29. Qh6+ Qg7 30. Qh4 e4 31. Nh7+ Kf7 32.
Ng5+ Kg8 33. Kh1 Re7 34. Qf4 Rd8 35. h3 Qe5 36. Qh4 Rd2 37. Re1 Rxa2 38. Nf3
Qb2 39. Qg5 exf3 40. Rxe7 fxg2+ 41. Kh2 g1=Q+ 42. Kxg1 Ra1+ {White resigns}
0-1

[Event "ICC tourney 1942 (7 2)"]
[Site "Internet Chess Club"]
[Date "2020.07.31"]
[Round "4"]
[White "Dabombpimp"]
[Black "Saragupta"]
[Result "0-1"]
[ICCResult "White checkmated"]
[WhiteElo "1348"]
[BlackElo "1421"]
[Opening "Sicilian"]
[ECO "B50"]
[NIC "SI.01"]
[Time "20:38:39"]
[TimeControl "420+2"]

1. e4 c5 2. Nf3 d6 3. c3 Nf6 4. Qc2 Nc6 5. Bb5 Bd7 6. d4 cxd4 7. cxd4 a6 8.
Bxc6 Bxc6 9. d5 Bd7 10. O-O Rc8 11. Qb3 Bb5 12. Re1 Qd7 13. Nc3 Bc4 14. Qb6
g6 15. Nd2 Bg7 16. Qb4 b5 17. Qa5 Qb7 18. Re3 O-O 19. b3 Ng4 20. Rg3 Be2 21.
Bb2 Be5 22. Nxe2 Bxb2 23. Rb1 Rc2 24. Rxg4 b4 25. Nc4 Rxe2 26. Nxb2 Rc8 27.
Nc4 Rc5 28. Qb6 Qxb6 29. Nxb6 Rcc2 30. f4 Rxa2 31. Rc1 Rab2 32. Rg3 Kg7 33.
h3 h5 34. f5 h4 35. Rg4 Rxb3 36. Rxh4 Rg3 37. Rg4 Rexg2+ 38. Kh1 Rxg4 39.
hxg4 Rxg4 40. Ra1 Rxe4 41. Rxa6 b3 42. Ra1 b2 43. Rb1 Rb4 44. Nd7 gxf5 45.
Kg2 f4 46. Kf2 Kg6 47. Kf3 Kf5 48. Nf8 e6 49. Nh7 exd5 50. Nf8 d4 51. Nd7 d3
52. Kf2 Ke4 53. Nf6+ Kd4 54. Ke1 Kc3 55. Nd5+ Kc2 56. Nxb4+ Kxb1 57. Kd1 Ka1
58. Nxd3 b1=B 59. Ke2 Ka2 60. Kf3 Bxd3 61. Kxf4 f5 62. Ke3 Be4 63. Kd4 d5
64. Ke5 Kb3 65. Kf4 Kc3 66. Ke3 d4+ 67. Ke2 d3+ 68. Kf2 Kc2 69. Ke1 d2+ 70.
Ke2 d1=Q+ 71. Ke3 Qd3+ 72. Kf4 Qf3+ 73. Ke5 Kd3 74. Kf6 Qg4 75. Ke5 Kc4 76.
Kf6 f4 77. Ke5 Qf5+ 78. Kd6 Qd5+ 79. Kc7 Qc6+ 80. Kd8 Qb7 81. Ke8 Bg6+ 82.
Kf8 Qf7# {White checkmated} 0-1

[Event "ICC tourney 1942 (7 2)"]
[Site "Internet Chess Club"]
[Date "2020.07.31"]
[Round "4"]
[White "ullchen"]
[Black "Ayushb"]
[Result "0-1"]
[ICCResult "White checkmated"]
[WhiteElo "1400"]
[BlackElo "1538"]
[Opening "Ruy Lopez: Anderssen variation"]
[ECO "C77"]
[NIC "RL.12"]
[Time "20:39:26"]
[TimeControl "420+2"]

1. e4 e5 2. Nf3 Nc6 3. Bb5 a6 4. Ba4 Nf6 5. d3 d6 6. c3 Be7 7. O-O O-O 8.
Nbd2 b5 9. Bc2 Bg4 10. h3 Bh5 11. Re1 Qd7 12. Nf1 d5 13. Ne3 dxe4 14. dxe4
Rad8 15. Qxd7 Rxd7 16. Nf5 Rfd8 17. g4 Bg6 18. Be3 Bxf5 19. gxf5 Ne8 20. Kh2
Nd6 21. b3 Nb7 22. Rg1 Bc5 23. Bh6 g6 24. Rg2 Bf8 25. Bxf8 Kxf8 26. fxg6
hxg6 27. Rg5 Re7 28. Rag1 Nc5 29. h4 Ne6 30. R5g4 Ng7 31. R4g2 Nh5 32. Re1
Nf4 33. Rgg1 b4 34. Re3 a5 35. Rd1 Red7 36. Rxd7 Rxd7 37. Ng5 Rd2 38. Bb1
Rxf2+ 39. Kg3 Rg2+ 40. Kf3 Rb2 41. Bd3 bxc3 42. Bb5 Nd4+ 43. Kg4 c2 44. Rc3
Nxb5 45. Rc5 Nd3 46. Nh7+ Kg7 47. Rc4 c1=Q 48. Rxc1 Nxc1 49. Ng5 Rxa2 50. h5
Nxb3 51. hxg6 fxg6 52. Nf3 a4 53. Kg5 a3 54. Nxe5 Rg2+ 55. Ng4 a2 56. e5
a1=Q 57. e6 Qf6# {White checkmated} 0-1

[Event "ICC tourney 1942 (7 2)"]
[Site "Internet Chess Club"]
[Date "2020.07.31"]
[Round "4"]
[White "MonkeyTown"]
[Black "pika0008"]
[Result "0-1"]
[ICCResult "White checkmated"]
[WhiteElo "1378"]
[BlackElo "1321"]
[Opening "Queen's pawn game"]
[ECO "D02"]
[NIC "QP.08"]
[Time "20:38:42"]
[TimeControl "420+2"]

1. d4 d5 2. Nf3 c6 3. e3 Nf6 4. Bd3 Bg4 5. Nbd2 e6 6. c4 Bd6 7. Qb3 Qc7 8.
c5 Be7 9. Ne5 Bh5 10. Ndf3 Bg6 11. O-O Nbd7 12. Bd2 Rb8 13. Rac1 Bxd3 14.
Qxd3 Ne4 15. Qc2 Ndf6 16. Bb4 O-O 17. Ba3 Rfc8 18. Bb4 h6 19. Qb3 a5 20. Ba3
b5 21. cxb6 Rxb6 22. Qd3 Bxa3 23. Qxa3 Qb7 24. Rb1 a4 25. Rfc1 Rb4 26. Nxc6
Rc4 27. Rxc4 dxc4 28. Ne7+ Kh7 29. Nxc8 Qxc8 30. Qxa4 c3 31. Qc2 Nd5 32.
bxc3 Nxc3 33. Rc1 Qa6 34. Ra1 Qc4 35. Ne5 Ne2+ 36. Qxe2 Qxe2 37. Rf1 Qxa2
38. Nxf7 g5 39. Ne5 Qe2 40. Nf3 Nd2 41. Nxd2 Qxd2 42. Kh1 Kg6 43. Kg1 h5 44.
h3 Kf5 45. Kh2 g4 46. hxg4+ Kxg4 47. Kg1 h4 48. Kh2 Qd3 49. Kg1 h3 50. gxh3+
Kxh3 51. Re1 Qg6+ 52. Kf1 Qg2+ 53. Ke2 Kg4 54. Rf1 Qf3+ 55. Kd2 Kf5 56. Ke1
Ke4 57. Kd2 Qg2 58. Ke1 Kd3 59. e4 Qf3 60. d5 Qe2# {White checkmated} 0-1